 Dungeon Crawl Stone Soup version 0.20-a0-537-g052e6ba (webtiles) character file.

106 Alarkh the Chopper (level 4, -1/35 HPs)
             Began as a Demonspawn Monk on Jan 28, 2017.
             Slain by a goblin (3 damage)
             ... on level 3 of the Dungeon.
             The game lasted 00:02:14 (2291 turns).

Alarkh the Chopper (Demonspawn Monk)                Turns: 2291, Time: 00:02:15

Health: -1/35      AC:  2    Str: 11    XL:     4   Next: 55%
Magic:  4/4        EV: 13    Int: 12    God:
Gold:   111        SH:  0    Dex: 16    Spells: 3/3 levels left

rFire    + . .     SeeInvis .   k - +1 hand axe (vamp)
rCold    . . .     Gourm    .   b - +0 robe
rNeg     . . .     Faith    .   (no shield)
rPois    .         Spirit   .   (no helmet)
rElec    .         Reflect  .   (no cloak)
rCorr    .         Harm     .   (no gloves)
MR       .....                  (no boots)
Stlth    ++........             (no amulet)
Regen    0.2/turn               (no ring)
                                h - ring of protection from fire

@: lethally poisoned (-1 -> -15)
A: sturdy frame 2
a: no special abilities


You were on level 3 of the Dungeon.
You were not hungry.

You visited 1 branch of the dungeon, and saw 3 of its levels.

You collected 111 gold pieces.

Inventory:

Hand Weapons
 a - a +0 hand axe
 k - a +1 vampiric hand axe (weapon)
Armour
 b - a +0 robe (worn)
Jewellery
 h - a ring of protection from fire (left hand)
Wands
 j - a wand of confusion (23/48)
Scrolls
 d - a scroll of remove curse {unknown}
 e - a scroll of blinking {unknown}
 g - a scroll of recharging
 i - a scroll of amnesia {unknown}
 n - 2 scrolls of magic mapping {unknown}
 o - 2 scrolls of identify {unknown}
 q - a scroll of fear {unknown}
Potions
 l - a potion of flight
Comestibles
 c - 3 bread rations
 f - a meat ration
 m - a royal jelly


   Skills:
 - Level 3.0 Fighting
 + Level 4.9 Axes
 - Level 2.6 Dodging
 - Level 1.7 Stealth


You had 3 spell levels left.
You didn't know any spells.

Dungeon Overview and Level Annotations

Branches:
Dungeon (3/15)

Altars:

Annotations:
D:3 Jessica; wazuzu's ghost, amateur HaAM


Innate Abilities, Weirdness & Mutations

Your movements are less encumbered by armour. (ER -4)


Message History

Jessica mumbles some strange words.
Jessica blinks!
The goblin barely misses you. The adder bites you.
* * * LOW HITPOINT WARNING * * *
You are more poisoned.
The adder poisons you!
You completely miss the adder.
The adder is heavily wounded.
You closely miss the goblin.
* * * LOW HITPOINT WARNING * * *
You feel sick. The adder barely misses you. The goblin misses you.
Unknown command.
You miss the adder.
The adder is heavily wounded.
You barely miss the goblin.
* * * LOW HITPOINT WARNING * * *
You feel sick. The adder bites you.
* * * LOW HITPOINT WARNING * * *
You are more poisoned.
The adder poisons you! The goblin hits you.
You die...

.#.#...# #.## .#.#...#
#..#
.#.#...######.########
......................
.#.#########...#######
.#.# #...## .#.#
#....# ##.#######
#....## ...#.....#
#...S@# ##.....#.#
#####g# ##...#+#.# #S.
#........# ....
#........# ..@..
#....(...# #......
#........# #.......
#........# #.......#
#........#


You could see an adder, Jessica, a goblin and a ball python.

Vanquished Creatures
  An orc priest (D:3)
  2 adders
  An ooze (D:2)
  A worm (D:2)
  3 leopard geckos
  2 orcs
  A ball python (D:3)
  9 bats
  A giant cockroach (D:1)
  4 goblins
  2 hobgoblins
  7 jackals
  3 kobolds
  A quokka (D:3)
  2 frilled lizards (D:2)
  5 rats
45 creatures vanquished.

Notes
Turn   | Place    | Note
-------+----------+-------------------------------------------
     0 | D:1      | Alarkh the Demonspawn Monk began the quest for the Orb.
     0 | D:1      | Reached XP level 1. HP: 18/18 MP: 1/1
    70 | D:1      | Reached skill level 3 in Axes
   143 | D:1      | Gained mutation: Your movements are slightly less encumbered by armour. (ER -2) [demonic ancestry]
   143 | D:1      | Reached XP level 2. HP: 23/24 MP: 2/2
   968 | D:2      | Found a faded altar of an unknown god.
   974 | D:2      | Reached XP level 3. HP: 22/29 MP: 3/3
  1177 | D:2      | Reached skill level 4 in Axes
  1722 | D:3      | Gained mutation: Your movements are less encumbered by armour. (ER -4) [demonic ancestry]
  1722 | D:3      | Reached XP level 4. HP: 20/35 MP: 4/4
  1728 | D:3      | Noticed wazuzu's ghost (amateur HaAM)
  2278 | D:3      | Noticed Jessica
  2291 | D:3      | Slain by a goblin

Vault maps used:
D:1:      dpeg_arrival_simpleton_b
D:2:      chequers_ecumenical_altar_simple, nrook_uturn
D:3:      first_bread, kennysheep_crisscross, cheibriados_altar_1, uniq_purgy,
          uniq_jessica

Skill      XL: |  1  2  3 |
---------------+----------+-----
Axes           | 3 4 |  4.9
Fighting       | |  3.0
Dodging        | |  2.6
Stealth        | |  1.7

Action                   |  1- 3 |  4- 6 || total
-------------------------+-------+-------++-------
Melee: Hand axe          |   146 |    26 ||   172
  Use: Potion            |     2 |     2 ||     4
       Scroll            |     1 |       ||     1
 Stab: Sleeping          |     5 |       ||     5
  Eat: Chunk             |     3 |     1 ||     4
       Fruit             |       |     4 ||     4
       Meat ration       |       |     1 ||     1
Armor: Robe              |    25 |     7 ||    32
       Skin              |       |    12 ||    12
Dodge: Dodged            |   137 |    16 ||   153
